 Dungeon Crawl Stone Soup version 0.21-a0-2-ge494091 (webtiles) character file.

1866 mopl the Grappler (level 8, -7/70 HPs)
             Began as a Troll Hunter on May 22, 2017.
             Killed by divine providence
             ... invoked by a smoke demon
              (10 damage)
             ... on level 2 of the Abyss.
             The game lasted 00:08:03 (4286 turns).

mopl the Grappler (Troll Hunter)                    Turns: 4286, Time: 00:08:03

Health: -7/70      AC:  6    Str: 21    XL:     8   Next: 90%
Magic:  0/7        EV: 10    Int: 12    God:
Gold:   357        SH:  0    Dex: 12    Spells: 7/7 levels left

rFire    + . .     SeeInvis .     - Unarmed
rCold    . . .     Gourm    +   (no shield)
rNeg     . . .     Faith    .   b - +0 robe
rPois    .         Spirit   +   (helmet restricted)
rElec    .         Reflect  .   D - +0 cloak
rCorr    +         Harm     .   (gloves unavailable)
MR       .....                  (boots unavailable)
Stlth    +.........             H - amulet of guardian spirit
Regen    0.7/turn               n - ring of resist corrosion
MPRegen  0.1/turn               m - ring of protection from fire

@: brilliant, about to teleport
A: unfitting armour, claws 3, fast metabolism 3, gourmand, regeneration 1,
shaggy fur 1, tough skin 2
a: no special abilities


You were on level 2 of the Abyss.
You were completely stuffed.

You visited 1 branch of the dungeon, and saw 6 of its levels.
You visited the Abyss 1 time.

You collected 357 gold pieces.

Inventory:

Hand Weapons
 C - the +1 dire flail of Fasaa {antimagic, *Corrode rF++ Str+2}
   (You found it on level 4 of the Dungeon)

   It reduces the magical energy of the wielder, and disrupts the spells and
   magical abilities of those hit.
   Natural abilities and divine invocations are not affected.
   It affects your strength (+2).
   It greatly protects you from fire.
   It may corrode you when you take damage.
 N - the +3 battleaxe of Duor {chop, rElec rC+}
   (You found it on level 1 of the Abyss)

   It inflicts extra damage upon your enemies.
   It protects you from cold.
   It insulates you from electricity.
Missiles
 c - 3 large rocks
 d - 2 throwing nets
 l - 13 tomahawks (quivered)
 y - 5 poisoned javelins
 z - 21 poisoned needles
Armour
 b - a +0 robe (worn)
 w - a +0 large shield
 D - a +0 cloak (worn)
Jewellery
 m - a ring of protection from fire (right claw)
 n - a ring of resist corrosion (left claw)
 H - an amulet of guardian spirit (around neck)
Wands
 a - a wand of digging (21/24)
 s - a wand of enslavement (7/24)
 E - a wand of disintegration (14/24)
Scrolls
 e - 7 scrolls of teleportation
 g - 4 scrolls of fear
 h - 2 scrolls of amnesia {unknown}
 q - 4 scrolls of remove curse
 r - 2 scrolls of immolation {unknown}
 A - 2 scrolls of recharging {unknown}
 F - 3 scrolls of magic mapping {unknown}
 M - a scroll of holy word {unknown}
Potions
 i - a potion of might
 k - 3 potions of curing
 o - 3 potions of brilliance
 p - 2 potions of magic
 t - 2 potions of heal wounds
 u - a potion of flight
 v - a potion of lignification {!q}
 B - a potion of haste
 J - a potion of berserk rage {!q}
Comestibles
 f - 6 bread rations
 j - 3 meat rations
 I - 5 fruits
 K - 5 chunks of flesh
 L - a royal jelly


   Skills:
 - Level 1.5 Fighting
 + Level 7.0 Throwing
 - Level 1.5 Dodging
 - Level 0.3 Stealth
 * Level 9.5 Unarmed Combat


You had 7 spell levels left.
You didn't know any spells.

Dungeon Overview and Level Annotations

Branches:
Dungeon (6/15)
 Temple: D:4-7

Altars:
Ashenzari
Dithmenos
Hepliaklqana
Makhleb
Qazlal
Sif Muna
Trog
Wu Jian
Xom


Innate Abilities, Weirdness & Mutations

You are too large for most types of armour.
You have claws for hands.
Your metabolism is lightning-fast.
You like to eat raw meat.
Your natural rate of healing is unusually fast.
You are covered in fur. (AC +1)
You have very tough skin. (AC +2)


Message History

It was a potion of brilliance.
You feel clever all of a sudden.
The crimson imp blinks!
The small abomination closely misses you.
It was a potion of heal wounds.
You feel much better.
The crimson imp hits you but does no damage.
The small abomination hits you!
* * * LOW HITPOINT WARNING * * *
The worldbinder calls forth creatures from the Swamp!
As you read the scroll of teleportation, it crumbles to dust.
You feel strangely unstable.
You feel the power of the Abyss delaying your translocation!
The crimson imp spits at you. The crimson imp barely misses you.
The worldbinder calls forth creatures from the Swamp!
The small abomination hits you!!
* * * LOW HITPOINT WARNING * * *
The smoke demon gestures at you. Something smites you!
You die...

. #.
#.####..### ..
......### .
##....# #... .
.## ###..
..#5# # # #
##@# #...#.
#x##
#.#.....#3##
.. .### xk##..
#..#.#...v...#
#.
...#..#..#...
#.......#...#
. #
...####..#...#
.. . . ..#.
#... .


You could see a worldbinder, a smoke demon, a swamp drake, a small abomination,
an insubstantial wisp and a crimson imp.

Vanquished Creatures
  The ghost of Goblin1989 the Skirmisher, an amateur DsAs (D:4)
  Grinder (D:5)
  Sigmund (D:5)
  Menkaure (D:5)
  A sky beast (D:5)
  An ogre (D:6)
  2 centaurs (D:5)
  A howler monkey (D:4)
  A crimson imp (D:5)
  2 quasits
  An orc priest (D:6)
  Jessica (D:3)
  Terence (D:3)
  An iguana (D:5)
  Natasha (thrice) (D:3)
  8 orc wizards
  4 worker ants
  3 gnolls (D:5)
  5 adders
  An ufetubus (Abyss:2)
  An ooze (D:3)
  An adder skeleton (D:5)
  2 worms
  A dart slug (D:3)
  11 leopard geckos
  20 orcs
  5 giant cockroaches
  11 goblins
  6 hobgoblins
  4 jackals (D:1)
  9 kobolds
  4 quokkas
  A ball python (D:1)
  A ball python skeleton (D:4)
  6 bats
  6 frilled lizards
  A quokka skeleton (D:5)
  2 quokka zombies
  8 rats
140 creatures vanquished.

Notes
Turn   | Place    | Note
-------+----------+-------------------------------------------
     0 | D:1      | mopl the Troll Hunter began the quest for the Orb.
     0 | D:1      | Reached XP level 1. HP: 19/19 MP: 0/0
    48 | D:1      | Reached skill level 1 in Unarmed Combat
    73 | D:1      | Reached XP level 2. HP: 26/27 MP: 1/1
   310 | D:1      | Reached skill level 4 in Throwing
   602 | D:1      | Reached skill level 2 in Unarmed Combat
   602 | D:1      | Reached XP level 3. HP: 33/33 MP: 2/2
   919 | D:2      | Reached XP level 4. HP: 41/41 MP: 3/3
  1176 | D:2      | Found an ornate altar of the Wu Jian Council.
  1177 | D:2      | Found a shattered altar of Ashenzari.
  1336 | D:3      | Reached skill level 3 in Unarmed Combat
  1379 | D:3      | Noticed Natasha
  1387 | D:3      | Killed Natasha
  1427 | D:3      | Noticed Terence
  1431 | D:3      | Noticed Natasha
  1447 | D:3      | Killed Natasha
  1447 | D:3      | Reached XP level 5. HP: 43/48 MP: 4/4
  1449 | D:3      | Killed Terence
  1467 | D:3      | Reached skill level 4 in Unarmed Combat
  1519 | D:3      | Noticed Natasha
  1525 | D:3      | Killed Natasha
  1543 | D:3      | Found a bloodstained altar of Trog.
  1617 | D:3      | Noticed Jessica
  1625 | D:3      | Killed Jessica
  2236 | D:4      | Noticed Goblin1989's ghost (amateur DsAs)
  2256 | D:4      | Killed Goblin1989's ghost
  2256 | D:4      | Reached skill level 5 in Throwing
  2256 | D:4      | Reached skill level 5 in Unarmed Combat
  2256 | D:4      | Reached XP level 6. HP: 46/55 MP: 5/5
  2278 | D:4      | Got a crude dire flail
  2279 | D:4      | Identified the cursed +1 dire flail of Fasaa {antimagic, *Corrode rF++ Str+2} (You found it on level 4 of the Dungeon)
  2387 | D:4      | Reached skill level 6 in Unarmed Combat
  2387 | D:4      | Reached XP level 7. HP: 41/62 MP: 6/6
  2451 | D:4      | Found a bloodstained altar of Trog.
  2603 | D:4      | Found a deep blue altar of Sif Muna.
  2605 | D:4      | Found a stormy altar of Qazlal.
  2709 | D:5      | Entered Level 5 of the Dungeon
  2724 | D:5      | Noticed Grinder
  2724 | D:5      | Paralysed by Grinder for 4 turns
  2732 | D:5      | Paralysed by Grinder for 7 turns
  2742 | D:5      | Paralysed by Grinder for 5 turns
  2750 | D:5      | Killed Grinder
  2786 | D:5      | Noticed Menkaure
  2789 | D:5      | Killed Menkaure
  2789 | D:5      | Reached skill level 7 in Unarmed Combat
  2824 | D:5      | Reached skill level 6 in Throwing
  2859 | D:4      | Reached XP level 8. HP: 18/70 MP: 7/7
  3039 | D:5      | Found a hazy altar of Hepliaklqana.
  3049 | D:5      | Noticed Sigmund
  3055 | D:5      | Killed Sigmund
  3055 | D:5      | Reached skill level 8 in Unarmed Combat
  3294 | D:5      | Found a shimmering altar of Xom.
  3295 | D:5      | Found a burning altar of Makhleb.
  3489 | D:6      | Reached skill level 9 in Unarmed Combat
  3995 | D:6      | Found a shadowy altar of Dithmenos.
  4164 | D:6      | Cast into level 1 of the Abyss (a distortion unwield)
  4216 | Abyss:1  | Reached skill level 7 in Throwing
  4218 | Abyss:1  | Got an encrusted battleaxe
  4223 | Abyss:1  | Noticed a starcursed mass
  4240 | Abyss:2  | Identified the +3 battleaxe of Duor {chop, rElec rC+} (You found it on level 1 of the Abyss)
  4275 | Abyss:2  | Noticed a smoke demon
  4275 | Abyss:2  | Noticed a worldbinder
  4286 | Abyss:2  | HP: 3/70 [small abomination (18)]
  4286 | Abyss:2  | Killed from afar by a smoke demon

Vault maps used:
D:1:      lightli_arrival_quake
D:2:      minitemple
D:3:      lightli_temple_of_fire, minmay_misc_feat_chi, uniq_natasha,
          uniq_terence, uniq_jessica
D:4:      nicolae_overflow_hidden_temple, first_bread, trog_book
D:5:      grunt_temple_overflow_champion_of_chaos, basic_altar, uniq_grinder,
          uniq_menkaure, uniq_sigmund
D:6:      lemuel_round_altar

Skill      XL: |  1  2  3  4  5  6  7  8 |
---------------+-------------------------+-----
Unarmed Combat | 1 2 3 5 6 7 9 |  9.5
Throwing       | 4 5 6 7 |  7.0
Fighting       | |  1.5
Dodging        | |  1.5
Stealth        | |  0.3

Action                   |  1- 3 |  4- 6 |  7- 9 || total
-------------------------+-------+-------+-------++-------
Melee: Unarmed           |   129 |   150 |   158 ||   437
       Punch             |     1 |     1 |     6 ||     8
Throw: Tomahawk          |       |       |     6 ||     6
       Large rock        |       |       |     5 ||     5
       Javelin           |       |       |     1 ||     1
  Use: Scroll            |       |     8 |     4 ||    12
       Potion            |       |       |     2 ||     2
 Stab: Sleeping          |     1 |     1 |       ||     2
  Eat: Chunk             |    14 |    13 |    18 ||    45
Armor: Robe              |    47 |    34 |    60 ||   141
Dodge: Dodged            |    80 |    78 |    70 ||   228
